 Dungeon Crawl Stone Soup version 0.19-a0-1932-g59670f6 (webtiles) character file.

324 varam the Twirler (level 6, 35/35 HPs)
             Began as a Gargoyle Gladiator on Oct 25, 2016.
             Was an Initiate of Okawaru.
             Quit the game on level 2 of the Dungeon.
             The game lasted 00:07:57 (3636 turns).

varam the Twirler (Gargoyle Gladiator)              Turns: 3636, Time: 00:07:57

Health: 35/35      AC:  8    Str: 19    XL:     6   Next: 48%
Magic:  6/6        EV: 12    Int:  8    God:    Okawaru [......]
Gold:   140        SH:  0    Dex: 12    Spells: 0 memorised, 5 levels left

rFire  . . .     SeeInvis .     a - +0 quarterstaff
rCold  . . .     Gourm    .     b - +0 leather armour
rNeg   + . .     Faith    .     (shield currently unavailable)
rPois  ∞         Spirit   .     c - +0 helmet
rElec  +         Reflect  .     (no cloak)
rCorr  .         Harm     .     (no gloves)
MR     .....                    (no boots)
Stlth  +.........               (no amulet)
                                (no ring)
                                (no ring)

@: no status effects
A: negative energy resistance 1, electricity resistance, unbreathing,
petrification resistance, rot immunity, AC +4
a: Renounce Religion


You were on level 2 of the Dungeon.
You worshipped Okawaru.
Okawaru was noncommittal.
You were not hungry.

You visited 2 branches of the dungeon, and saw 8 of its levels.

You collected 140 gold pieces.

Inventory:

Hand Weapons
 a - a +0 quarterstaff (weapon)
Missiles
 d - 2 throwing nets (quivered)
 q - 73 stones
Armour
 b - a +0 leather armour (worn)
 c - a +0 helmet (worn)
Jewellery
 j - a +5 ring of strength {unknown}
 x - an uncursed ring of stealth {unknown}
Scrolls
 e - a scroll of enchant weapon {unknown}
 h - 2 scrolls of identify {unknown}
 i - 4 scrolls of teleportation {unknown}
 l - a scroll of remove curse {unknown}
 m - a scroll of magic mapping {unknown}
 p - a scroll of recharging {unknown}
 u - 2 scrolls of amnesia {unknown}
 v - a scroll of blinking {unknown}
Potions
 n - 2 potions of mutation {unknown}
 o - 2 potions of agility {unknown}
 r - a potion of cancellation {unknown}
 s - 3 potions of curing {unknown}
 t - 2 potions of ambrosia {unknown}
 w - a potion of cure mutation {unknown}
Comestibles
 f - a bread ration
 g - 2 meat rations
 k - 5 fruits


   Skills:
 - Level 2.1 Fighting
 + Level 7.0 Staves
 - Level 1.7 Throwing
 - Level 2.4 Dodging
 + Level 0.4 Invocations


You had 5 spell levels left.
You didn't know any spells.

Dungeon Overview and Level Annotations

Branches:
Dungeon (7/15)             Temple (1/1) D:5

Altars:
Dithmenos
Elyvilon
Hepliaklqana
Nemelex Xobeh
Okawaru
Qazlal
Trog
Uskayaw
Xom
Yredelemnul
The Shining One

Shops:
D:4 }   D:7 ?}


Innate Abilities, Weirdness & Mutations

You are resistant to torment.
Your stone body is resilient. (AC +4)
You are immune to poison.
You resist negative energy. (rN+)
You are resistant to electric shocks. (rElec)
You can survive without breathing.
You are immune to petrification.
You are immune to rotting.


Message History

You closely miss the gnoll. The gnoll misses you. The gnoll closely misses you.
The gnoll hits you from afar with a spear.
* * * LOW HITPOINT WARNING * * *
There is a huge open gate here.
The gnoll barely misses you.
You see here a green potion.
The gnoll misses you.
There is a stone staircase leading up here.
The gnoll hits you but does no damage.
You climb upwards.
There is a stone staircase leading down here.
You start resting.
You start resting.
You are feeling hungry.
You start resting.
You start eating one of the 2 bread rations.
You continue eating. x2
You finish eating.
That bread ration really hit the spot!
You see here 14 arrows.
Are you sure you want to abandon this character and quit the game? (Confirm with "yes".)

###########
#.........############
#.######.#>#.........# #.#
#..###..#######.# #.# #.#.#@###
##..#####
####.####......######.......#
####.......#..###.##...#.#.#.#.#
..............# #......#.......#
#.#.#......#..###(##...#.#.#.#.#
......#.####......###.##.......##
#.#.#.#.#######.### #.##.#.#.#..#
......#...)....># #...........#
#.#.#.#.#######.# ####.).##.#.#


There were no monsters in sight!

Vanquished Creatures
  An ogre (D:3)
  A bullfrog skeleton (D:3)
  2 worker ants (D:4)
  4 adders
  3 gnolls
  A howler monkey skeleton (D:4)
  A shadow imp (D:5)
  An ooze (D:2)
  2 adder skeletons
  3 worms
  2 dart slugs
  4 leopard geckos
  An orc (D:6)
  4 bats
  5 giant cockroaches
  7 goblins
  2 hobgoblins (D:2)
  8 jackals
  4 kobolds
  2 quokkas
  4 frilled lizards
  A quokka skeleton (D:5)
  5 rats
68 creatures vanquished.

Vanquished Creatures (others)
  A rat (D:2)
1 creature vanquished.

Grand Total: 69 creatures vanquished

Notes
Turn   | Place    | Note
-------+----------+-------------------------------------------
     0 | D:1      | varam the Gargoyle Gladiator began the quest for the Orb.
     0 | D:1      | Reached XP level 1. HP: 12/12 MP: 1/1
   148 | D:2      | Reached XP level 2. HP: 17/17 MP: 2/2
   331 | D:2      | Reached skill level 4 in Staves
   456 | D:2      | Reached XP level 3. HP: 5/21 MP: 3/3
   694 | D:2      | Found a white marble altar of Elyvilon.
   910 | D:3      | Reached XP level 4. HP: 8/26 MP: 4/4
  1131 | D:3      | Reached skill level 5 in Staves
  1332 | D:4      | Noticed an ogre
  1357 | D:3      | Killed an ogre
  1357 | D:3      | Reached skill level 6 in Staves
  1357 | D:3      | Reached XP level 5. HP: 22/30 MP: 5/5
  1582 | D:4      | Reached XP level 6. HP: 28/35 MP: 6/6
  1670 | D:5      | Entered Level 5 of the Dungeon
  1911 | D:7      | Found Layzyps's Magic Scroll Boutique.
  1917 | D:7      | Found Arphuc's Gadget Emporium.
  1999 | D:5      | Found a staircase to the Ecumenical Temple.
  2013 | Temple   | Entered the Ecumenical Temple
  2041 | Temple   | Became a worshipper of Warmaster Okawaru
  2089 | D:4      | Found Niaj's Gadget Shop.
  2973 | D:2      | Reached skill level 7 in Staves
  3028 | D:2      | Found a hazy altar of Hepliaklqana.
  3050 | D:2      | Found a shadowy altar of Dithmenos.
  3130 | D:2      | Found a sparkling altar of Nemelex Xobeh.
  3636 | D:2      | Quit the game

Vault maps used:
D:1:      doesnt_arrival_goblin_jail, minivault_25, serial_bayou_lake_a
D:2:      elyvilon_altar_4, nicolae_overflow_crystal_walls,
          nemelex_xobeh_ov_fountains_minmay, serial_glass, glass_columns_b,
          glass_columns_a, glass_columns_a, glass_columns_a, glass_columns_c,
          glass_columns_c, glass_columns_a, glass_columns_b, glass_columns_a,
          glass_columns_c, glass_columns_a, glass_columns_b, glass_columns_a,
          glass_columns_b, minmay_strange_pillars, due_unseen_surprise,
          item_on_display_a, nicolae_dithmenos_shadow_blocks
D:3:      lemuel_castle_with_subvaults
D:4:      lemuel_doored_altar, serial_shops, nicolae_shop_waterfront
D:5:      first_bread, sword_in_stone, uniq_prince_ribbit1
D:7:      serial_shops, shop, shop, kennysheep_mini, gup_ossuary_entry_pyramid,
          hex_large
Temple:   jpeg_temple_clearing

Skill      XL: |  1  2  3  4  5  6 |
---------------+-------------------+-----
Staves         | 4 6 7 |  7.0
Fighting       | |  2.1
Throwing       | |  1.7
Dodging        | |  2.4
Invocations    | |  0.4

Action                   |  1- 3 |  4- 6 || total
-------------------------+-------+-------++-------
Melee: Quarterstaff      |    79 |   189 ||   268
Throw: Throwing net      |       |     1 ||     1
  Eat: Chunk             |       |     8 ||     8
       Bread ration      |       |     1 ||     1
Armor: Leather armour    |    29 |    58 ||    87
Dodge: Dodged            |    60 |   122 ||   182
